 Dungeon Crawl Stone Soup version 0.31-a0-986-g5e6e4ef867 (console) character file.

Game seed: 12485284771477594888

120604 jejorda2 the Thrower (level 16, 0/213 (214) HPs)
             Began as a Gnoll Berserker on Nov 19, 2023.
             Was a High Priest of Trog.
             Slain by an emperor scorpion (10 damage)
             ... on level 2 of the Spider Nest.
             The game lasted 01:30:42 (32085 turns).

jejorda2 the Thrower (Gnoll Berserker)             Turns: 32085, Time: 01:30:43

HP:   0/213 (214)   AC: 23    Str: 18 (23) XL:     16   Next: 82%
MP:   40/40         EV:  8    Int:  7 (9)  God:    Trog [*****.]
Gold: 1949          SH: 16    Dex: 11      Spells: 37/37 levels left

rFire   + + +        a - +1 broad axe (freeze)
rCold   + . .        q - +0 kite shield
rNeg    + + .        t - +1 plate armour {rN+}
rPois   +            (helmet restricted)
rElec   +            C - +0 cloak
rCorr   +            s - +2 pair of gloves
SInv    .            W - +0 pair of boots "Igecof" {rF++ rN+ rCorr Str-5}
Will    ++...        M - amulet of reflection Stlth
                     O - +4 ring of slaying
HPRegen 0.55/turn    Y - ring "Fuutex" {rPois MP+9 Str+5 Slay+6}
MPRegen 0.27/turn

%: reflection
@: berserking, lethally poisoned (0 -> -3), resistant, studying Throwing,
lightly drained, very quick
A: fangs 1, strong nose, distributed training, horns 1, deterioration 1,
strong-willed 1, robust 1
a: Renounce Religion, Berserk, Trog's Hand, Brothers in Arms


You were on level 2 of the Spider Nest.
You worshipped Trog.
Trog was extremely pleased with you.
You visited 3 branches of the dungeon, and saw 23 of its levels.
You also visited: Sewer and Bailey.

You collected 2633 gold pieces.
You spent 684 gold pieces at shops.

Inventory:

Hand Weapons
 a - a +1 broad axe of freezing (weapon)
 b - the +9 spear of Trog's Anger {flame, rCorr}
   (Trog gifted it to you on level 11 of the Dungeon)

   rCorr:     It protects you from acid and corrosion.
Missiles
 i - 2 javelins (quivered)
 w - 18 boomerangs
 x - a throwing net
 A - 6 curare-tipped darts
 B - 8 datura-tipped darts
 J - 28 poisoned darts
 N - 6 atropa-tipped darts
Armour
 q - a +0 kite shield (worn)
 s - a +2 pair of gloves (worn)
 t - a +1 plate armour of positive energy (worn)
 C - a +0 cloak (worn)
 G - a +2 chain mail of cold resistance
 S - a scarf of resistance
 W - the +0 pair of boots "Igecof" (worn) {rF++ rN+ rCorr Str-5}
   (You acquired it on level 12 of the Dungeon)

   Str-5:     It affects your strength (-5).
   rF++:      It greatly protects you from fire.
   rN+:       It protects you from negative energy.
   rCorr:     It protects you from acid and corrosion.
Jewellery
 E - the ring of the Dragon {Fly Str+3 Int+3}
   (You found it in a bailey)

   [ring of flight]

   Str+3:     It affects your strength (+3).
   Int+3:     It affects your intelligence (+3).
   Fly:       It grants you flight.
 M - an amulet of reflection (around neck)
 O - a +4 ring of slaying (left hand)
 T - a ring of protection from cold
 Y - the ring "Fuutex" (right hand) {rPois MP+9 Str+5 Slay+6}
   (You acquired it on level 15 of the Dungeon)

   [ring of magical power]

   Str+5:     It affects your strength (+5).
   Slay+6:    It affects your accuracy & damage with ranged weapons and melee
   (+6).
   rPois:     It protects you from poison MP+9: It affects your magic capacity
   (+9).
Wands
 l - a wand of polymorph (13)
 o - a wand of roots (10)
 u - a wand of digging (4)
 y - a wand of paralysis (4)
 H - a wand of flame (53)
 P - a wand of mindburst (18)
 V - a wand of quicksilver (5)
Scrolls
 d - 9 scrolls of teleportation
 j - 2 scrolls of enchant weapon
 k - 3 scrolls of fear
 p - 3 scrolls of immolation
 v - 5 scrolls of fog
 U - a scroll of silence
 X - 3 scrolls of revelation
Potions
 c - a potion of invisibility
 e - 13 potions of curing
 f - 4 potions of haste
 h - 4 potions of enlightenment
 m - 4 potions of heal wounds
 n - a potion of cancellation
 r - 3 potions of mutation
 K - a potion of ambrosia
 L - 5 potions of might
 Q - 2 potions of attraction
Miscellaneous
 D - a tin of tremorstones (2/2)


   Skills:
 + Level 13.0 Fighting
 + Level 11.4 Short Blades
 + Level 11.4 Long Blades
 + Level 13.0 Axes
 + Level 11.4 Maces & Flails
 + Level 11.4 Polearms
 + Level 11.4 Staves
 + Level 11.4 Ranged Weapons
 + Level 13.6 Throwing
 + Level 12.2 Armour
 + Level 12.2 Dodging
 + Level 11.4 Stealth
 + Level 11.4 Shields
 + Level 11.4 Unarmed Combat
 + Level 11.4 Spellcasting
 + Level 9.6 Conjurations
 + Level 9.6 Hexes
 + Level 9.6 Summonings
 + Level 9.6 Necromancy
 + Level 9.6 Translocations
 + Level 9.6 Transmutations
 + Level 9.6 Fire Magic
 + Level 9.6 Ice Magic
 + Level 9.6 Air Magic
 + Level 9.6 Earth Magic
 + Level 9.6 Poison Magic
 + Level 12.3 Invocations
 + Level 11.4 Evocations
 + Level 10.4 Shapeshifting


You had 37 spell levels left.
You didn't know any spells.
Your spell library was empty.

Dungeon Overview and Level Annotations

Branches:
Dungeon (15/15)            Temple (0/1) D:4            Lair (5/5) D:9
 Shoals (0/4) Lair:3       Spider (3/4) Lair:2        Slime (0/5) Lair:4
    Orc (0/2) D:9          Vaults (0/5) D:14         Depths (0/4) D:15
  Sewer (visited)          Bailey (visited)

Altars:
Cheibriados
Gozag
Kikubaaqudgha
Makhleb
Nemelex Xobeh
Ru
Sif Muna
Uskayaw
Vehumet
Wu Jian
The Shining One

Shops:
D:3 (   D:5 [*   D:8 *   D:9 (   D:12 (

Portals:
Trove: D:12 (give 6 scrolls of fog)

Annotations:
Spider:3 Nikola


Innate Abilities, Weirdness & Mutations

You have very sharp teeth.
Your uncanny sense of smell can sniff out nearby items.
Your experience applies equally to all skills.
You have a pair of small horns on your head.
Your body sometimes deteriorates upon taking damage.
You are strong-willed. (Will+)
You are robust. (+10% HP)


Message History

You feel extremely sick.
There is a stone staircase leading down here.
Unknown command.
Unknown command.
A red film seems to cover your vision as you go berserk!
You feel yourself moving faster!
You feel mighty!
You feel very sick.
You block the meliai's attack. x2; The meliai hits you but does no damage.
The meliai stings you.
* * * LOW HITPOINT WARNING * * *
The emperor scorpion stings you but does no damage.
The emperor scorpion claws you but does no damage.
You block the emperor scorpion's attack.
You slash the emperor scorpion! You freeze the emperor scorpion!
You bite the emperor scorpion, but do no damage.
The emperor scorpion is heavily wounded.
You slash the meliai! You freeze the meliai.
You kill the meliai!
Trog accepts your kill.
A freezing mist starts to gather...
A meliai simulacrum comes into view.
You feel sick.
You block the emperor scorpion's attack. x2
The emperor scorpion claws you.
* * * LOW HITPOINT WARNING * * *
Unknown command.
You slice the emperor scorpion!! You freeze the emperor scorpion!
You headbutt the emperor scorpion!
The emperor scorpion is almost dead.
You slice the meliai simulacrum!!
The meliai simulacrum vaporises!
You feel sick. The emperor scorpion stings you!
* * * LOW HITPOINT WARNING * * *
The emperor scorpion claws you but does no damage. x2
Unknown command.
You hit the emperor scorpion. You freeze the emperor scorpion.
You headbutt the emperor scorpion.
The emperor scorpion is almost dead.
You feel sick. The emperor scorpion stings you!
You die...

....#....####...#†..##........##.
...##...##..##..†..####.###..^#..
..###..##....##..###..###.#####..
.<..####....######^...>.....##..#
....^..#.....#.......†.....##...#
#..#........##.......#.^####....#
######.....##...###..#.....#.....
#####...######)####^..^.##...#
#...###..#..#@○.^.##..###...##
##...###....<#s....^#....#^.^##
#...##.......#..#..##....##....
##....†.......#..####......##...
##.....†.....?.#.....#†.....#^...
.#........<.#.##^....#......##...
?......(##########...##..##......
.......^.#.## #....#..#.......
...........^### ##...#..##......


You could see an emperor scorpion (soul bound).

Vanquished Creatures
  The ghost of jejorda2 the Fighter, an adept GnBe of Trog (Spider:1)
  An emperor scorpion (Spider:2)
  3 ghost moths
  Azrael (D:14)
  5 entropy weavers
  A vault guard (D:14)
  3 catoblepae
  2 radroaches
  12 centaur warriors
  A death knight (D:15)
  8 boulder beetles
  5 death yaks (Lair:5)
  7 hydras
  A two-headed ogre (shapeshifter) (D:15)
  A tengu warrior (D:14)
  11 two-headed ogres
  A deep troll shaman (Lair:5)
  2 demonic crawlers
  3 skeletal warriors
  An occultist (D:15)
  5 skysharks
  A sun moth (Spider:1)
  A pharaoh ant (Spider:1)
  3 orb spiders
  A deep troll (D:14)
  6 wolf spider zombies (Spider:1)
  2 spectral wolf spiders (Spider:1)
  9 wolf spiders
  An arcanist (D:14)
  An orc knight (D:15)
  A lindwurm (Lair:5)
  2 steelbarb worms (Spider:1)
  13 ugly things
  4 deep elf pyromancers
  2 oklob plants
  6 cyclopes
  A moth of wrath (Spider:1)
  4 manticores
  26 elephants
  A torpor snail (Spider:2)
  A guardian serpent (shapeshifter) (D:13)
  6 black mambas (Lair:5)
  A cane toad (shapeshifter) (D:14)
  3 gargoyles
  2 unseen horrors
  3 rime drakes
  An unseen horror (shapeshifter) (D:14)
  9 cane toads
  Psyche (D:12)
  A tormentor (Spider:1)
  5 komodo dragons
  A troll (D:12)
  A meliai (shapeshifter) (D:13)
  4 freezing wraiths
  A tengu conjurer (D:14)
  5 meliai
  A wind drake (shapeshifter) (D:13)
  3 polar bears
  4 wolf spider simulacra (Spider:1)
  4 blink frogs (Lair:3)
  9 tarantellas
  A hornet (D:10)
  7 dream sheep (Lair:3)
  5 jumping spiders
  2 shadows
  Sigmund (D:6)
  A spriggan (Lair:2)
  A centaur simulacrum (D:15)
  6 wyverns
  2 wraiths
  A spriggan (shapeshifter) (D:14)
  9 slime creatures
  11 culicivoras
  5 fire elementals (D:14)
  A yak (shapeshifter) (D:14)
  5 basilisks
  38 yaks
  24 redbacks
  A steam dragon (D:10)
  7 vampire mosquitoes (D:13)
  2 acid dragons
  17 water moccasins
  3 hell hounds (D:14)
  14 orc warriors
  A sky beast (D:7)
  An ice beast (D:5)
  8 black bears
  18 wolves
  8 centaurs
  An ogre (D:6)
  A phantom (D:4)
  4 kobold brigands (Bailey)
  16 bullfrogs
  2 scorpions
  13 killer bees
  3 howler monkeys (D:8)
  5 electric eels (Lair:1)
  3 quasits (D:4)
  A hound (D:6)
  2 gnoll boudas
  9 orc priests
  A jelly (D:6)
  3 iguanas
  14 orc wizards
  3 gnolls (D:5)
  15 adders
  3 river rats (Sewer)
  2 shadow imps
  2 white imps
  2 ufetubi (D:4)
  3 worms
  3 dart slugs
  A dart slug (shapeshifter) (D:13)
  62 orcs
  8 endoplasms
  2 giant cockroaches
  14 goblins
  9 hobgoblins
  A jackal (D:9)
  7 quokkas
  9 ball pythons
  6 bats
  10 frilled lizards
  21 kobolds
  9 rats
696 creatures vanquished.

Vanquished Creatures (others)
  A pharaoh ant (Spider:3)
  A wolf spider (Spider:3)
  An orc (D:10)
  A rat (D:4)
4 creatures vanquished.

Grand Total: 700 creatures vanquished

Notes
Turn   | Place    | Note
-------+----------+-------------------------------------------
     0 | D:1      | jejorda2 the Gnoll Berserker began the quest for the Orb.
     0 | D:1      | Reached XP level 1. HP: 23/23 MP: 1/1
   137 | D:1      | Reached XP level 2. HP: 29/29 MP: 2/2
   340 | D:1      | Found a faded altar of an unknown god.
   439 | D:1      | Reached XP level 3. HP: 35/35 MP: 3/3
   840 | D:2      | Identified the +1 sling "Hucs" {speed, Dex+7}
   874 | D:2      | Reached skill level 1 in Invocations
   886 | D:2      | Reached ** piety under Trog
  1192 | D:2      | Reached skill level 1 in Short Blades
  1192 | D:2      | Reached skill level 1 in Long Blades
  1192 | D:2      | Reached skill level 1 in Maces & Flails
  1192 | D:2      | Reached skill level 1 in Polearms
  1192 | D:2      | Reached skill level 1 in Staves
  1192 | D:2      | Reached skill level 1 in Ranged Weapons
  1192 | D:2      | Reached skill level 1 in Throwing
  1192 | D:2      | Reached skill level 1 in Stealth
  1192 | D:2      | Reached skill level 1 in Shields
  1192 | D:2      | Reached skill level 1 in Unarmed Combat
  1192 | D:2      | Reached skill level 1 in Spellcasting
  1192 | D:2      | Reached skill level 1 in Evocations
  1559 | D:3      | Reached XP level 4. HP: 41/41 MP: 5/5
  1624 | D:3      | Reached skill level 1 in Shapeshifting
  1725 | D:3      | Found Pulig's Weapon Shoppe.
  1966 | D:3      | Reached skill level 1 in Conjurations
  1966 | D:3      | Reached skill level 1 in Hexes
  1966 | D:3      | Reached skill level 1 in Summonings
  1966 | D:3      | Reached skill level 1 in Necromancy
  1966 | D:3      | Reached skill level 1 in Translocations
  1966 | D:3      | Reached skill level 1 in Transmutations
  1966 | D:3      | Reached skill level 1 in Fire Magic
  1966 | D:3      | Reached skill level 1 in Ice Magic
  1966 | D:3      | Reached skill level 1 in Air Magic
  1966 | D:3      | Reached skill level 1 in Earth Magic
  1966 | D:3      | Reached skill level 1 in Poison Magic
  2307 | D:3      | Reached XP level 5. HP: 39/47 MP: 5/7
  2493 | D:4      | Reached *** piety under Trog
  2547 | D:4      | Reached XP level 6. HP: 42/53 MP: 8/8
  2584 | D:4      | Reached skill level 5 in Armour
  2584 | D:4      | Reached skill level 5 in Dodging
  2595 | D:4      | Found a glowing drain.
  2605 | Sewer    | Entered a sewer
  2976 | Sewer    | Identified the +10 sling "Foujiuhe" {heavy, rF+ Stlth+}
  3151 | D:4      | Found an ornate altar of the Wu Jian Council.
  3225 | D:4      | Noticed a wyvern
  3235 | D:4      | Killed a wyvern
  3236 | D:4      | Reached XP level 7. HP: 20/60 MP: 10/10
  3625 | D:4      | Found a staircase to the Ecumenical Temple.
  3813 | D:5      | Entered Level 5 of the Dungeon
  3866 | D:5      | Found Luaheehuro's Assorted Antiques.
  3996 | D:5      | You fall into a shaft and drop 1 floor!
  4011 | D:6      | Reached XP level 8. HP: 67/67 MP: 12/12
  4531 | D:5      | Found Rawastra's Antique Armour Shoppe.
  4931 | D:5      | Bought a scroll labelled BIRUCV PURU for 23 gold pieces
  4931 | D:5      | Bought a scroll labelled HIALOI XIGOUS for 23 gold pieces
  4931 | D:5      | Bought a yellow potion for 20 gold pieces
  4931 | D:5      | Bought a silvery potion for 20 gold pieces
  5539 | D:6      | Reached **** piety under Trog
  5839 | D:6      | Noticed Sigmund
  5849 | D:6      | Killed Sigmund
  5850 | D:6      | Reached XP level 9. HP: 73/73 MP: 14/14
  6350 | D:7      | Found a snail-covered altar of Cheibriados.
  6350 | D:7      | Found a sparkling altar of Nemelex Xobeh.
  7489 | D:8      | Found Koycait's General Store.
  7568 | D:8      | Reached skill level 5 in Invocations
  7605 | D:8      | Noticed a two-headed ogre
  7614 | D:8      | Killed a two-headed ogre
  7615 | D:8      | Reached XP level 10. HP: 80/80 MP: 15/17
  7634 | D:8      | Found a flagged portal.
  7670 | Bailey   | Entered a bailey
  7693 | Bailey   | Reached skill level 5 in Short Blades
  7693 | Bailey   | Reached skill level 5 in Long Blades
  7693 | Bailey   | Reached skill level 5 in Maces & Flails
  7693 | Bailey   | Reached skill level 5 in Polearms
  7693 | Bailey   | Reached skill level 5 in Staves
  7693 | Bailey   | Reached skill level 5 in Ranged Weapons
  7693 | Bailey   | Reached skill level 5 in Throwing
  7693 | Bailey   | Reached skill level 5 in Stealth
  7693 | Bailey   | Reached skill level 5 in Shields
  7693 | Bailey   | Reached skill level 5 in Unarmed Combat
  7693 | Bailey   | Reached skill level 5 in Spellcasting
  7693 | Bailey   | Reached skill level 5 in Evocations
  7931 | Bailey   | Found a bloodstained altar of Trog.
  7948 | Bailey   | Identified the ring of the Dragon {Fly Str+3 Int+3}
  8577 | D:9      | Identified the "Juetecs"
  8577 | D:9      | Identified the "Geof Ebu"
  8577 | D:9      | Identified the "Gakik"
  8577 | D:9      | Identified the "Oki Jej"
  8604 | D:9      | Found Nehemi Unos's Weapon Boutique.
  8981 | D:9      | Noticed a two-headed ogre
  8987 | D:9      | Killed a two-headed ogre
  9116 | D:9      | Identified the +6 sling "Leadicus" {heavy, rC+ Str+4}
  9129 | D:9      | Found a staircase to the Lair.
  9284 | D:9      | Found a sacrificial altar of Ru.
  9332 | D:9      | Found a hide-covered altar of Uskayaw.
  9338 | D:9      | Found an opulent altar of Gozag.
  9343 | D:9      | Found a glowing golden altar of the Shining One.
  9445 | D:9      | Found an ancient bone altar of Kikubaaqudgha.
  9474 | D:9      | Found a shimmering blue altar of Sif Muna.
  9475 | D:9      | Found a radiant altar of Vehumet.
  9572 | D:9      | Reached skill level 5 in Shapeshifting
 10032 | D:9      | Noticed a two-headed ogre
 10044 | D:9      | Killed a two-headed ogre
 10111 | D:9      | Reached XP level 11. HP: 87/87 MP: 19/19
 10240 | D:9      | Reached skill level 5 in Conjurations
 10240 | D:9      | Reached skill level 5 in Hexes
 10240 | D:9      | Reached skill level 5 in Summonings
 10240 | D:9      | Reached skill level 5 in Necromancy
 10240 | D:9      | Reached skill level 5 in Translocations
 10240 | D:9      | Reached skill level 5 in Transmutations
 10240 | D:9      | Reached skill level 5 in Fire Magic
 10240 | D:9      | Reached skill level 5 in Ice Magic
 10240 | D:9      | Reached skill level 5 in Air Magic
 10240 | D:9      | Reached skill level 5 in Earth Magic
 10240 | D:9      | Reached skill level 5 in Poison Magic
 10464 | D:9      | Found a staircase to the Orcish Mines.
 10638 | D:10     | Entered Level 10 of the Dungeon
 10703 | Lair:1   | Entered Level 1 of the Lair of Beasts
 12459 | Lair:2   | Reached XP level 12. HP: 90/96 MP: 22/22
 12654 | Lair:2   | Found a hole to the Spider Nest.
 13331 | Lair:3   | Noticed a five-headed hydra
 13337 | Lair:3   | Killed a five-headed hydra
 13401 | Lair:3   | Reached skill level 10 in Fighting
 13401 | Lair:3   | Reached skill level 10 in Axes
 13405 | Lair:3   | Noticed a boulder beetle
 13422 | Lair:3   | Killed a boulder beetle
 13623 | Lair:3   | Found a staircase to the Shoals.
 13822 | Lair:3   | Noticed a skyshark
 13830 | Lair:3   | Killed a skyshark
 14376 | Lair:4   | Reached ***** piety under Trog
 14383 | Lair:4   | Reached XP level 13. HP: 52/104 MP: 23/25
 15026 | D:5      | Bought a glowing plate armour for 598 gold pieces
 15754 | Lair:4   | Identified a scroll of acquirement
 15754 | Lair:4   | Acquired a manual of Throwing
 15999 | Lair:4   | Found a staircase to the Slime Pits.
 16026 | Lair:4   | Identified the +2 leather armour "Xomufran" {rF+ Str+2
                  | Int+4}
 16245 | Lair:5   | Identified the of Fuklu
 16245 | Lair:5   | Entered Level 5 of the Lair of Beasts
 17059 | Lair:5   | Reached skill level 10 in Armour
 17059 | Lair:5   | Reached skill level 10 in Dodging
 17141 | Lair:5   | Reached XP level 14. HP: 92/113 MP: 26/26
 17325 | Lair:5   | Reached skill level 10 in Invocations
 17773 | Lair:5   | Reached skill level 10 in Throwing
 19595 | D:10     | Identified the +1 helmet "Itzem" {rF+ Regen+}
 19905 | D:10     | Identified the +6 ring mail "Edolliqe" {Dex+2}
 19950 | D:10     | Found a burning altar of Makhleb.
 20623 | D:11     | Identified the +9 spear of Trog's Anger {flame, rCorr}
                  | (Trog gifted it to you on level 11 of the Dungeon)
 20623 | D:11     | Received a gift from Trog
 20988 | D:12     | Found the +7 staff of the Meek {protect, meekguard}
 21272 | D:12     | Found a portal to a secret trove of treasure.
 21420 | D:12     | Noticed Psyche
 21423 | D:12     | Killed Psyche
 21576 | D:12     | Identified the +9 whip of the Distant Future {drain, Str+2}
 21615 | D:12     | Found Plog's Weapon Emporium.
 22026 | D:13     | Reached XP level 15. HP: 104/120 MP: 28/28
 22080 | D:13     | Reached skill level 10 in Short Blades
 22080 | D:13     | Reached skill level 10 in Long Blades
 22080 | D:13     | Reached skill level 10 in Maces & Flails
 22080 | D:13     | Reached skill level 10 in Polearms
 22080 | D:13     | Reached skill level 10 in Staves
 22080 | D:13     | Reached skill level 10 in Ranged Weapons
 22080 | D:13     | Reached skill level 10 in Stealth
 22080 | D:13     | Reached skill level 10 in Shields
 22080 | D:13     | Reached skill level 10 in Unarmed Combat
 22080 | D:13     | Reached skill level 10 in Spellcasting
 22080 | D:13     | Reached skill level 10 in Evocations
 22516 | D:12     | Acquired the +0 pair of boots "Igecof" {rF++ rN+ rCorr
                  | Str-5}
 23769 | D:14     | Acquired 835 gold pieces
 23783 | D:14     | Noticed Azrael
 23816 | D:14     | Killed Azrael
 24350 | D:14     | Found a gate to the Vaults.
 24442 | D:15     | Entered Level 15 of the Dungeon
 24695 | D:15     | Received a gift from Trog
 25013 | D:15     | Acquired the ring "Fuutex" {rPois MP+9 Str+5 Slay+6}
 25061 | D:15     | Reached XP level 16. HP: 108/129 MP: 30/30
 25334 | D:15     | Found a staircase to the Depths.
 26164 | Spider:1 | Entered Level 1 of the Spider Nest
 26372 | Spider:1 | Reached skill level 10 in Shapeshifting
 26768 | Spider:1 | Gained mutation: Your spells are a little easier to cast,
                  | but a little less powerful. [mutagenic glow]
 26777 | Spider:1 | Gained mutation: You are occasionally teleported next to
                  | monsters. [mutagenic glow]
 26835 | Spider:1 | Lost mutation: Your spells are a little easier to cast, but
                  | a little less powerful. [potion of mutation]
 26835 | Spider:1 | Lost mutation: You are occasionally teleported next to
                  | monsters. [potion of mutation]
 26835 | Spider:1 | Gained mutation: You are weak. (Str -2) [potion of
                  | mutation]
 26835 | Spider:1 | Gained mutation: Your body sometimes deteriorates upon
                  | taking damage. [potion of mutation]
 26835 | Spider:1 | Gained mutation: You sometimes lose your temper in combat.
                  | [potion of mutation]
 26836 | Spider:1 | Lost mutation: You sometimes lose your temper in combat.
                  | [potion of mutation]
 26836 | Spider:1 | Lost mutation: You are weak. (Str -2) [potion of mutation]
 26836 | Spider:1 | Gained mutation: You are strong-willed. (Will+) [potion of
                  | mutation]
 26836 | Spider:1 | Gained mutation: You are robust. (+10% HP) [potion of
                  | mutation]
 26836 | Spider:1 | Gained mutation: You have a pair of small horns on your
                  | head. [potion of mutation]
 27721 | Spider:1 | Found a runed translucent gate.
 27721 | Spider:1 | Found a runed translucent gate.
 27724 | Spider:1 | Found a runed translucent gate.
 27727 | Spider:1 | Noticed jejorda2's ghost (adept GnBe)
 28313 | Spider:1 | HP: 2/139 [jejorda2's ghost (15)]
 28644 | Spider:1 | Identified the +2 pair of gloves of the Mind {rN++ rCorr
                  | Int-2}
 28646 | Spider:1 | Identified the +0 pair of gloves of Sif Muna's Displeasure
                  | {+Inv rF- Will- Regen+}
 29319 | Spider:1 | Killed jejorda2's ghost
 30863 | Spider:2 | HP: 10/211 [poisoned by a redback]
 31222 | Spider:2 | Identified the +5 rapier "Ceclib" {flame, Dex+4}
 32068 | Spider:3 | Noticed Nikola
 32085 | Spider:2 | HP: 10/213 [poisoned by a meliai]
 32085 | Spider:2 | Slain by an emperor scorpion

Illustrated notes

Levels and vault maps discovered:
D:1:      lightli_molten_gateway, layout_basic, shapermc_ecumenical_altar_gd,
          wad_floor_pattern_untrapped, minmay_octomino_e4
D:2:      layout_basic
D:3:      minmay_chambers_of_threes, layout_loops_ring, serial_shops,
          nicolae_shop_tiny_glass, corexii_hall_statues_u, nicolae_titane
D:4:      layout_loops_ring, nicolae_wu_jian_wuxing_cycle, temple_hall_moat,
          serial_demonic, serial_demonic_f, serial_demonic_b, serial_demonic_g,
          serial_demonic_c, portal_sewer_entry_b
D:5:      layout_layer_cave, serial_shops, nicolae_shop_hallway_stairs,
          shop_statue, roderic_lattice_a, hangedman_decor_opposing
D:6:      layout_layer_cave, st_stairs_5, uniq_sigmund
D:7:      layout_basic, mainiacjoe_overflow_divided_tiny,
          hangedman_decor_slide_cut
D:8:      layout_cave_pools, serial_shops, shop, enter_bailey_3,
          kennysheep_diamond
D:9:      layout_cave_pods, grunt_temple_overflow_magic_moments,
          minmay_overflow_temple_star_quad, nicolae_ru_great_annihilating_truth,
          dpeg_oklobed_lair, david_orc_5, serial_shops, shop,
          minmay_joined_circles
D:10:     layout_basic, mainiacjoe_overflow_alcove_4, statue_in_the_mist_lemuel
D:11:     layout_big_octagon
D:12:     layout_basic, nicolae_trove_entry_free_sample, serial_shops,
          nicolae_shop_tiny_waterfront, uniq_psyche
D:13:     minmay_ornate_pinched, layout_basic, kennysheep_generic_room_7
D:14:     minmay_general_purpose_star, layout_rooms, david_vaults_5,
          hangedman_decor_clover_reticule, chequers_serial_rivers_large_a,
          uniq_azrael
D:15:     hangedman_depths_entry_try_elsewhere_first, layout_rooms,
          hangedman_abyss_or_decor_stabs
Lair:1:   layout_concentric_octagons, serial_bayou, serial_bayou_lake_a,
          serial_bayou_ford_a, serial_bayou_lagoon_a, serial_bayou_shore_b,
          infiniplex_staircase_pool
Lair:2:   layout_big_grid, nicolae_spider_entry_orb_guardian,
          grunt_forest_stairs_clearing
Lair:3:   layout_loops_ring, shoals_dummy_entry
Lair:4:   layout_regular_city, slime_entry_1, st_stairs_3,
          eino_small_chamber_without_monster, lemuel_fruit_fields,
          grunt_megastairs_4
Lair:5:   grunt_lair_end_beastmaster, layout_small_grid, minivault_24,
          minmay_lair_oklob_items, grunt_forest_large_clearings
Spider:1: layout_spider_delve, gammafunk_ghost_tricky_traps,
          nicolae_spider_undead_wolf_pack
Spider:2: layout_spider_delve
Spider:3: layout_spider_delve, nicolae_spider_eight_legs, uniq_nikola

Skill      XL: |  1  2  3  4  5  6  7  8  9 10 11 12 13 14 15 16 |
---------------+-------------------------------------------------+-----
Invocations    | 1 2 3 4 5 6 7 8 9 10 11 12 | 12.3
Short Blades   | 1 2 3 4 5 6 8 9 10 11 | 11.4
Long Blades    | 1 2 3 4 5 6 8 9 10 11 | 11.4
Maces & Flails | 1 2 3 4 5 6 8 9 10 11 | 11.4
Polearms       | 1 2 3 4 5 6 8 9 10 11 | 11.4
Staves         | 1 2 3 4 5 6 8 9 10 11 | 11.4
Ranged Weapons | 1 2 3 4 5 6 8 9 10 11 | 11.4
Throwing       | 1 2 3 4 5 6 8 9 11 12 13 | 13.6
Stealth        | 1 2 3 4 5 6 8 9 10 11 | 11.4
Shields        | 1 2 3 4 5 6 8 9 10 11 | 11.4
Unarmed Combat | 1 2 3 4 5 6 8 9 10 11 | 11.4
Spellcasting   | 1 2 3 4 5 6 8 9 10 11 | 11.4
Evocations     | 1 2 3 4 5 6 8 9 10 11 | 11.4
Shapeshifting  | 1 2 3 4 5 6 7 8 9 10 | 10.4
Conjurations   | 1 2 3 4 5 6 7 8 9 |  9.6
Hexes          | 1 2 3 4 5 6 7 8 9 |  9.6
Summonings     | 1 2 3 4 5 6 7 8 9 |  9.6
Necromancy     | 1 2 3 4 5 6 7 8 9 |  9.6
Translocations | 1 2 3 4 5 6 7 8 9 |  9.6
Transmutations | 1 2 3 4 5 6 7 8 9 |  9.6
Fire Magic     | 1 2 3 4 5 6 7 8 9 |  9.6
Ice Magic      | 1 2 3 4 5 6 7 8 9 |  9.6
Air Magic      | 1 2 3 4 5 6 7 8 9 |  9.6
Earth Magic    | 1 2 3 4 5 6 7 8 9 |  9.6
Poison Magic   | 1 2 3 4 5 6 7 8 9 |  9.6
Armour         | 5 6 7 8 9 10 11 12 | 12.2
Dodging        | 5 6 7 8 9 10 11 12 | 12.2
Fighting       | 7 8 9 10 11 12 13 | 13.0
Axes           | 7 8 9 10 11 12 13 | 13.0

Action                     |  1- 3 |  4- 6 |  7- 9 | 10-12 | 13-15 | 16-18 || total
---------------------------+-------+-------+-------+-------+-------+-------++-------
  Melee: Hand axe          |    80 |       |       |       |       |       ||    80
         Bite              |    10 |    16 |    19 |    47 |   133 |    64 ||   289
         Broad axe         |       |   194 |   153 |   382 |   794 |   318 ||  1841
         Punch             |       |     2 |     5 |    16 |    48 |       ||    71
         Dire flail        |       |       |       |     1 |    52 |       ||    53
         Headbutt          |       |       |       |       |       |    85 ||    85
         Spear             |       |       |       |       |       |    17 ||    17
   Fire: Sling             |    35 |    54 |    83 |   142 |   266 |    32 ||   612
  Throw: Dart              |       |       |       |       |       |    42 ||    42
         Javelin           |       |       |       |       |       |     2 ||     2
         Boomerang         |       |       |       |       |       |     2 ||     2
 Invoke: Berserk           |       |     3 |     5 |    13 |    24 |    12 ||    57
         Trog's Hand       |       |     1 |     6 |     6 |     5 |     3 ||    21
  Evoke: Wand              |       |       |       |     1 |       |     2 ||     3
    Use: Scroll            |       |       |    23 |    12 |    10 |     3 ||    48
         Potion            |       |       |     1 |       |       |     7 ||     8
   Stab: Sleeping          |     1 |       |       |       |       |       ||     1
 Armour: Animal skin       |    25 |       |       |       |       |       ||    25
         Chain mail        |    13 |   289 |    27 |       |       |       ||   329
         Plate armour      |       |       |   175 |   404 |  1022 |   409 ||  2010
  Dodge: Dodged            |    39 |   172 |   107 |   151 |   352 |   132 ||   953
  Block: Other             |       |       |    42 |    97 |   144 |       ||   283
         Reflection        |       |       |       |     2 |    24 |     1 ||    27
         Buckler           |       |       |       |       |   182 |    96 ||   278
         Kite shield       |       |       |       |       |       |   211 ||   211

Table legend: (Time is in decaauts)
 A = Elapsed time spent in this place.
 B = Non-inter-level travel time spent in this place.
 C = Inter-level travel time spent in this place.
 D = Time resting spent in this place.
 E = Time spent auto-exploring this place.
 F = Levels seen in this place.
 G = Mean time per level.
                   A        B        C        D        E       F      G
               +--------+--------+--------+--------+--------+-----+--------+
         Total |  33214 |  30921 |   2293 |   5241 |  19854 |  25 | 1328.6 |
       Dungeon |  17501 |  15991 |   1510 |   1982 |  10566 |  15 | 1166.7 |
          Lair |   8935 |   8287 |    648 |   1598 |   5231 |   5 | 1787.0 |
   Spider Nest |   5867 |   5732 |    135 |   1460 |   3657 |   3 | 1955.7 |
         Sewer |    562 |    562 |      0 |    100 |    300 |   1 |  562.0 |
        Bailey |    346 |    346 |      0 |    100 |     99 |   1 |  346.0 |
               +--------+--------+--------+--------+--------+-----+--------+

Top non-repeatable levels by time:
Spider:1: 4115 daAuts
     D:9: 2633 daAuts
  Lair:5: 2519 daAuts
  Lair:4: 1991 daAuts
Spider:2: 1739 daAuts
  Lair:1: 1718 daAuts
    D:14: 1710 daAuts
     D:5: 1641 daAuts
  Lair:3: 1543 daAuts
    D:13: 1391 daAuts
     D:6: 1204 daAuts
  Lair:2: 1162 daAuts
     D:7: 1142 daAuts
     D:8: 1037 daAuts
     D:4: 990 daAuts
